Map: Incorporeal LE

Players

Lambo

  • Race: Zerg Zerg
  • Spawn Location: 11:00

LiquidMaNa (MaNa) - Winner!

  • Race: Protoss Protoss
  • League: Grandmaster
  • Spawn Location: 5:00

Event: HomeStory Cup XXVII

VOD

Have the link to the VOD?

Description

Time

  • Played on: June 27, 2025, 7:38 a.m.
  • Length: 5:20

All games in this series

Show
View Real Time Build Order
Export as new Build Order

Lambo Zerg 

Build Orders: Hatch First, Ravager All-In 

Get SALT Encoding   

  12  0:00  Drone  
  13  0:08  Drone  
  14  0:14  Extractor  
  14  0:15  Drone  
  15  0:21  Overlord  
  15  0:41  Hatchery  
  14  0:45  Drone  
  14  0:49  Drone  
  16  0:51  Drone  
  16  0:56  Drone  
  18  1:10  Spawning Pool  
  17  1:15  Drone  
  17  1:18  Drone  
  18  1:28  Drone  
  19  1:33  Extractor  
  18  1:42  Drone  
  18  1:46  Extractor  
  18  1:51  Drone  
  19  1:57  Zergling x2  
  19  1:59  Queen  
  22  2:02  Drone, Roach Warren  
  22  2:12  Drone  
  23  2:21  Drone  
  24  2:26  Overlord  
  24  2:35  Queen  
  26  2:39  Overlord  
  26  2:47  Overlord  
  26  2:49  Roach  
  28  2:54  Roach  
  30  2:59  Roach  
  31  3:08  Roach  
  33  3:21  Ravager x2  
  33  3:24  Overlord  
  33  3:25  Ravager  
  33  3:26  Roach  
  36  3:32  Ravager  
  36  3:34  Roach  
  37  3:37  Roach  
  39  3:48  Queen, Roach  
  39  3:50  Ravager  
  39  3:54  Ravager  
  44  4:05  Zergling x2, Roach x2  
  46  4:15  Roach  
  45  4:26  Roach  
  45  4:27  Ravager  
  45  4:28  Queen  
  48  4:33  Roach  
  49  4:42  Roach  
  41  4:54  Roach  
  41  4:56  Ravager  
Show
View Real Time Build Order
Export as new Build Order

LiquidMaNa Protoss - Winner!

Build Orders:  

Get SALT Encoding   

  12  0:00  Probe  
  13  0:12  Probe  
  14  0:16  Pylon  
  14  0:24  Probe  
  15  0:34  Forge  
  15  0:51  Pylon  
  15  0:52  Probe  
  16  1:03  Pylon  
  16  1:04  Pylon  
  16  1:13  Photon Cannon  
  16  1:20  Gateway  
  16  1:30  Gateway  
  16  1:40  Probe  
  16  1:42  Photon Cannon  
  17  1:49  Probe  
  17  1:52  Assimilator  
  18  2:07  Cybernetics Core  
  18  2:14  Photon Cannon  
  18  2:21  Zealot  
  20  2:24  Probe  
  21  2:30  Assimilator  
  21  2:31  Stalker  
  21  2:36  Probe  
  25  2:55  Stalker  
  24  3:00  Shield Battery  
  24  3:05  Stalker  
  28  3:13  Stalker  
  28  3:19  Shield Battery  
  30  3:30  Probe  
  31  3:45  Stalker  
  31  3:49  Pylon  
  31  3:53  Stalker  
  35  4:12  Stalker  
  37  4:20  Stalker  
  37  4:36  Shield Battery  
  33  4:39  Stalker  
  33  4:41  Probe  
  36  4:49  Stalker  
  38  4:54  Probe  
Tags
 
Add a new tag
Caveats
  • Supply blocks, unpowered buildings, or Contaminate may cause inaccurate times.
  • Supply counts are checked every 10 seconds.